TOP OF THE 1ST |
Mississippi Braves batting - Pitching for Binghamton Rumble Ponies : RHP Josh Sborz
|
Pitching: RHP Josh Sborz
|
|
Batting: RHB Cristian Pache
|
0-0: Reached on error, E6 (Groundball, 6)
|
Batting: LHB Bret Boswell
|
0-0: Called Strike 0-1: Ball 1-1: Ball 2-1: SINGLE (Groundball, 3D) Cristian Pache to second Runner from 2nd tries for 3rd, SAFE, throw made to third
|
Batting: LHB Luis Arraez
|
0-0: Called Strike 0-1: Swinging Strike 0-2: Strikes out swinging
|
Batting: LHB Cody Thomas
|
0-0: Ball 1-0: Ball 2-0: Foul Ball, location: 2F 2-1: Ball 3-1: Fly out, F5 (Line Drive, 5)
|
Batting: LHB Chad Spanberger
|
0-0: Ball 1-0: Ball 2-0: Ball 3-0: Base on Balls Bret Boswell to second
|
Batting: LHB Tristan Gray
|
0-0: Called Strike 0-1: Foul Ball, location: 2F 0-2: Foul Ball, location: 2F 0-2: SINGLE (Line Drive, 9LS) Cristian Pache scores Bret Boswell to third Chad Spanberger to second Runner from 3rd tries for Home, SAFE, no throw
|
Batting: RHB Jose Caballero
|
0-0: Swinging Strike 0-1: Foul Ball, location: 2F 0-2: Ball 1-2: Ball 2-2: Foul Ball, location: 2F 2-2: Fly out, F7 (Flyball, 7)
|
Top of the 1st over - 2 runs, 2 hits, 1 error, 2 left on base; Mississippi 2 - Binghamton 0 |
BOTTOM OF THE 1ST |
Binghamton Rumble Ponies batting - Pitching for Mississippi Braves : RHP Sixto Sanchez
|
Pitching: RHP Sixto Sanchez
|
|
Batting: RHB Oscar Mercado
|
0-0: Ball 1-0: Bunt for hit - play at first, batter safe!
|
Batting: SHB Luis Sardinas
|
0-0: Ball 1-0: Swinging Strike 1-1: Foul Ball, location: 2F 1-2: Ball 2-2: Strikes out looking
|
Batting: SHB Blake Allemand
|
0-0: Ball 1-0: Swinging Strike 1-1: SINGLE (Groundball, 56D) Oscar Mercado to second
|
Batting: RHB Mark Mathias
|
0-0: Ball 1-0: Ball 2-0: Ground out 4-3 (Groundball, 34D) Oscar Mercado to third Blake Allemand to second
|
Batting: LHB Harold Castro
|
0-0: Called Strike 0-1: Foul Ball, location: 2F 0-2: Ball 1-2: Fly out, F8 (Flyball, 8RD)
|
Bottom of the 1st over - 0 runs, 2 hits, 0 errors, 2 left on base; Mississippi 2 - Binghamton 0 |
TOP OF THE 2ND |
Mississippi Braves batting - Pitching for Binghamton Rumble Ponies : RHP Josh Sborz
|
Batting: RHB Jake Adams
|
0-0: Called Strike 0-1: Ball 1-1: Ball 2-1: Foul Ball, location: 2F 2-2: Foul Ball, location: 2F 2-2: Ball 3-2: Foul Ball, location: 2F 3-2: Foul Ball, location: 2F 3-2: Base on Balls
|
Batting: SHB David Garcia
|
0-0: Ball 1-0: Foul Ball, location: 2F 1-1: Foul Ball, location: 2F 1-2: Strikes out swinging
|
Batting: RHB Cristian Pache
|
0-0: Foul Ball, location: 2F 0-1: Ball 1-1: Called Strike 1-2: DOUBLE (Line Drive, 7D) Jake Adams to third Runner from 3rd tries for Home, SAFE, throw made home
|
Batting: LHB Bret Boswell
|
0-0: Ball 1-0: Foul Ball, location: 2F 1-1: Ball 2-1: Ball 3-1: Base on Balls
|
Batting: LHB Luis Arraez
|
0-0: Ball 1-0: Fielders Choice at 2nd, 6-4 (Groundball, 6M) Cristian Pache to third
|
Batting: LHB Cody Thomas
|
0-0: Foul Ball, location: 2F 0-1: Ball 1-1: Ball 2-1: Foul Ball, location: 2F 2-2: Ball 3-2: Foul Ball, location: 2F 3-2: Base on Balls Luis Arraez to second
|
Batting: LHB Chad Spanberger
|
0-0: Foul Ball, location: 2F 0-1: Ball 1-1: Swinging Strike 1-2: Foul Ball, location: 2F 1-2: Strikes out looking
|
Top of the 2nd over - 1 run, 1 hit, 0 errors, 3 left on base; Mississippi 3 - Binghamton 0 |
BOTTOM OF THE 2ND |
Binghamton Rumble Ponies batting - Pitching for Mississippi Braves : RHP Sixto Sanchez
|
Batting: RHB Tate Matheny
|
0-0: Ball 1-0: Swinging Strike 1-1: Ball 2-1: Foul Ball, location: 2F 2-2: Ground out 5-3 (Groundball, 56)
|
Batting: RHB Zander Wiel
|
0-0: Ball 1-0: Foul Ball, location: 2F 1-1: Foul Ball, location: 2F 1-2: Ball 2-2: Ball 3-2: DOUBLE (Flyball, 8LXD)
|
Batting: RHB Joe DeCarlo
|
0-0: Foul Ball, location: 2F 0-1: Foul Ball, location: 2F 0-2: Fly out, F9 (Flyball, 9D) Runner from 2nd tags up, SAFE at 3rd, no throw
|
Batting: RHB Mark Karaviotis
|
0-0: Foul Ball, location: 2F 0-1: Called Strike 0-2: Foul Ball, location: 2F 0-2: Ball 1-2: Ball 2-2: Ball 3-2: Strikes out swinging
|
Bottom of the 2nd over - 0 runs, 1 hit, 0 errors, 1 left on base; Mississippi 3 - Binghamton 0 |
TOP OF THE 3RD |
Mississippi Braves batting - Pitching for Binghamton Rumble Ponies : RHP Josh Sborz
|
Batting: LHB Tristan Gray
|
0-0: Ball 1-0: Fly out, F8 (Line Drive, 8RM)
|
Batting: RHB Jose Caballero
|
0-0: Called Strike 0-1: Ball 1-1: Fly out, F3 (Popup, 3F)
|
Batting: RHB Jake Adams
|
0-0: Swinging Strike 0-1: Called Strike 0-2: Fly out, F7 (Line Drive, 7)
|
Top of the 3rd over - 0 runs, 0 hits, 0 errors, 0 left on base; Mississippi 3 - Binghamton 0 |
BOTTOM OF THE 3RD |
Binghamton Rumble Ponies batting - Pitching for Mississippi Braves : RHP Sixto Sanchez
|
Batting: RHB Oscar Mercado
|
0-0: SINGLE (Groundball, 56D)
|
Batting: SHB Luis Sardinas
|
0-0: Ball 1-0: Ball 2-0: SINGLE (Flyball, 8RS) Oscar Mercado to second Runner from 2nd tries for 3rd, SAFE, throw made to third
|
Batting: SHB Blake Allemand
|
0-0: SINGLE (Groundball, 5D) Oscar Mercado scores Luis Sardinas to second
|
Batting: RHB Mark Mathias
|
0-0: Foul Ball, location: 2F 0-1: Ball 1-1: Swinging Strike 1-2: Ball 2-2: Foul Ball, location: 2F 2-2: Ball 3-2: Strikes out swinging
|
Batting: LHB Harold Castro
|
0-0: Ball 1-0: Fly out, F7 (Line Drive, 7)
|
Batting: RHB Tate Matheny
|
0-0: Ball 1-0: Foul Ball, location: 2F 1-1: Called Strike 1-2: Fly out, F8 (Flyball, 89M)
|
Bottom of the 3rd over - 1 run, 3 hits, 0 errors, 2 left on base; Mississippi 3 - Binghamton 1 |
TOP OF THE 4TH |
Mississippi Braves batting - Pitching for Binghamton Rumble Ponies : RHP Josh Sborz
|
Batting: SHB David Garcia
|
0-0: Foul Ball, location: 2F 0-1: SINGLE (Line Drive, 56)
|
Batting: RHB Cristian Pache
|
0-0: Ball 1-0: Fly out, F8 (Flyball, 8RXD)
|
Batting: LHB Bret Boswell
|
0-0: Called Strike 0-1: Swinging Strike 0-2: Fly out, F7 (Flyball, 7LDF)
|
Batting: LHB Luis Arraez
|
0-0: Ball 1-0: Called Strike 1-1: Fly out, F6 (Line Drive, 6)
|
Top of the 4th over - 0 runs, 1 hit, 0 errors, 1 left on base; Mississippi 3 - Binghamton 1 |
BOTTOM OF THE 4TH |
Binghamton Rumble Ponies batting - Pitching for Mississippi Braves : RHP Sixto Sanchez
|
Batting: RHB Zander Wiel
|
0-0: Called Strike 0-1: Ball 1-1: Fly out, F7 (Flyball, 7LM)
|
Batting: RHB Joe DeCarlo
|
0-0: Ball 1-0: Foul Ball, location: 2F 1-1: SINGLE (Groundball, 56D)
|
Batting: RHB Mark Karaviotis
|
0-0: Ball 1-0: Swinging Strike 1-1: Called Strike 1-2: Fly out, F9 (Flyball, 89S)
|
Batting: RHB Oscar Mercado
|
0-0: Swinging Strike 0-1: Swinging Strike 0-2: Strikes out swinging
|
Bottom of the 4th over - 0 runs, 1 hit, 0 errors, 1 left on base; Mississippi 3 - Binghamton 1 |
TOP OF THE 5TH |
Mississippi Braves batting - Pitching for Binghamton Rumble Ponies : RHP Josh Sborz
|
Pitching: RHP Ian Hamilton
|
|
Batting: LHB Cody Thomas
|
0-0: Ball 1-0: Ball 2-0: Called Strike 2-1: Swinging Strike 2-2: Ball 3-2: Strikes out looking
|
Batting: LHB Chad Spanberger
|
0-0: Swinging Strike 0-1: Ball 1-1: Swinging Strike 1-2: Fly out, F8 (Flyball, 8LD)
|
Batting: LHB Tristan Gray
|
0-0: Called Strike 0-1: Foul Ball, location: 2F 0-2: Strikes out looking
|
Top of the 5th over - 0 runs, 0 hits, 0 errors, 0 left on base; Mississippi 3 - Binghamton 1 |
BOTTOM OF THE 5TH |
Binghamton Rumble Ponies batting - Pitching for Mississippi Braves : RHP Sixto Sanchez
|
Batting: SHB Luis Sardinas
|
0-0: Called Strike 0-1: Ground out U3 (Groundball, 3L)
|
Batting: SHB Blake Allemand
|
0-0: Ball 1-0: Called Strike 1-1: Called Strike 1-2: Ball 2-2: Foul Ball, location: 2F 2-2: Ball 3-2: Fly out, F9 (Flyball, 9S)
|
Batting: RHB Mark Mathias
|
0-0: Foul Ball, location: 2F 0-1: SOLO HOME RUN (Flyball, 78XD), Distance : 406 ft
|
Batting: LHB Harold Castro
|
0-0: Called Strike 0-1: Foul Ball, location: 2F 0-2: Fly out, F9 (Flyball, 9S)
|
Bottom of the 5th over - 1 run, 1 hit, 0 errors, 0 left on base; Mississippi 3 - Binghamton 2 |
TOP OF THE 6TH |
Mississippi Braves batting - Pitching for Binghamton Rumble Ponies : RHP Ian Hamilton
|
Batting: RHB Jose Caballero
|
0-0: Called Strike 0-1: Ball 1-1: Ball 2-1: Called Strike 2-2: Strikes out swinging, 2-3 out at first.
|
Batting: RHB Jake Adams
|
0-0: Ball 1-0: Ball 2-0: Ball 3-0: Foul Ball, location: 2F 3-1: Reached on error, E6 (Groundball, 6)
|
Batting: SHB David Garcia
|
0-0: Ball 1-0: Ball 2-0: Called Strike 2-1: Ball 3-1: Called Strike 3-2: Strikes out swinging
|
Batting: RHB Cristian Pache
|
0-0: SINGLE (Line Drive, 7LM) Jake Adams to third Runner from 3rd tries for Home, SAFE, throw made home
|
Batting: LHB Bret Boswell
|
0-0: Ball 1-0: Ball 2-0: Ball 3-0: Base on Balls Cristian Pache to second
|
Pitching: RHP Reid Humphreys
|
|
Batting: LHB Luis Arraez
|
0-0: Foul Ball, location: 2F 0-1: Called Strike 0-2: Strikes out swinging
|
Top of the 6th over - 1 run, 1 hit, 1 error, 2 left on base; Mississippi 4 - Binghamton 2 |
BOTTOM OF THE 6TH |
Binghamton Rumble Ponies batting - Pitching for Mississippi Braves : RHP Sixto Sanchez
|
Pitching: RHP Ronald Bolanos
|
|
Batting: RHB Tate Matheny
|
0-0: Foul Ball, location: 2F 0-1: Swinging Strike 0-2: Strikes out swinging
|
Batting: RHB Zander Wiel
|
0-0: Called Strike 0-1: Ball 1-1: Foul Ball, location: 2F 1-2: Ball 2-2: Foul Ball, location: 2F 2-2: Strikes out swinging
|
Batting: RHB Joe DeCarlo
|
0-0: Called Strike 0-1: Ball 1-1: Ball 2-1: Called Strike 2-2: Ball 3-2: Base on Balls
|
Batting: RHB Mark Karaviotis
|
0-0: Swinging Strike 0-1: Ball 1-1: Foul Ball, location: 2F 1-2: Ball Joe DeCarlo is caught stealing 2nd base
|
Bottom of the 6th over - 0 runs, 0 hits, 0 errors, 0 left on base; Mississippi 4 - Binghamton 2 |
TOP OF THE 7TH |
Mississippi Braves batting - Pitching for Binghamton Rumble Ponies : RHP Reid Humphreys
|
Batting: LHB Cody Thomas
|
0-0: Ball 1-0: Ball 2-0: Ball 3-0: Base on Balls
|
Batting: LHB Chad Spanberger
|
0-0: Foul Ball, location: 2F 0-1: Ball 1-1: Ball 2-1: Grounds into double play, 1-6-3 (Groundball, P)
|
Batting: LHB Tristan Gray
|
0-0: Foul Ball, location: 2F 0-1: Foul Ball, location: 2F 0-2: Ball 1-2: Strikes out swinging
|
Top of the 7th over - 0 runs, 0 hits, 0 errors, 0 left on base; Mississippi 4 - Binghamton 2 |
BOTTOM OF THE 7TH |
Binghamton Rumble Ponies batting - Pitching for Mississippi Braves : RHP Ronald Bolanos
|
Batting: RHB Mark Karaviotis
|
0-0: Called Strike 0-1: Ball 1-1: Ball 2-1: Foul Ball, location: 2F 2-2: Fly out, F8 (Flyball, 8RS)
|
Batting: RHB Oscar Mercado
|
0-0: Called Strike 0-1: Swinging Strike 0-2: Ball 1-2: Ball 2-2: SINGLE (Line Drive, 78S)
|
Pitching: LHP Trey Ball
|
|
Batting: SHB Luis Sardinas
|
0-0: Called Strike 0-1: Ball 1-1: Foul Ball, location: 2F 1-2: DOUBLE (Flyball, 8RXD) Oscar Mercado to third Runner from 3rd tries for Home, SAFE, no throw
|
Batting: SHB Blake Allemand
|
0-0: Called Strike 0-1: Fly out, F9 (Flyball, 9LSF)
|
Batting: RHB Mark Mathias
|
0-0: Ball 1-0: Foul Ball, location: 2F 1-1: Ball 2-1: Foul Ball, location: 2F 2-2: Ball 3-2: Strikes out swinging
|
Bottom of the 7th over - 1 run, 2 hits, 0 errors, 1 left on base; Mississippi 4 - Binghamton 3 |
TOP OF THE 8TH |
Mississippi Braves batting - Pitching for Binghamton Rumble Ponies : RHP Reid Humphreys
|
Batting: RHB Jose Caballero
|
0-0: Swinging Strike 0-1: Called Strike 0-2: Fly out, F9 (Flyball, 89D)
|
Batting: RHB Jake Adams
|
0-0: Ball 1-0: Fly out, F6 (Popup, 6MS)
|
Batting: SHB David Garcia
|
0-0: Called Strike 0-1: Ball 1-1: Ball 2-1: Called Strike 2-2: Strikes out looking
|
Top of the 8th over - 0 runs, 0 hits, 0 errors, 0 left on base; Mississippi 4 - Binghamton 3 |
BOTTOM OF THE 8TH |
Binghamton Rumble Ponies batting - Pitching for Mississippi Braves : LHP Trey Ball
|
Batting: LHB Harold Castro
|
0-0: Ball 1-0: Fly out, F7 (Flyball, 7S)
|
Batting: RHB Tate Matheny
|
0-0: Foul Ball, location: 2F 0-1: Foul Ball, location: 2F 0-2: Foul Ball, location: 2F 0-2: Strikes out swinging
|
Batting: RHB Zander Wiel
|
0-0: Foul Ball, location: 2F 0-1: Ball 1-1: Called Strike 1-2: Foul Ball, location: 2F 1-2: Hit by Pitch
|
Batting: RHB Joe DeCarlo
|
0-0: Ball 1-0: Foul Ball, location: 2F 1-1: Called Strike 1-2: Ball 2-2: Ball 3-2: Fly out, F8 (Flyball, 8RM)
|
Bottom of the 8th over - 0 runs, 0 hits, 0 errors, 1 left on base; Mississippi 4 - Binghamton 3 |
TOP OF THE 9TH |
Mississippi Braves batting - Pitching for Binghamton Rumble Ponies : RHP Reid Humphreys
|
Pitching: RHP Pedro Araujo
|
|
Batting: RHB Cristian Pache
|
0-0: Called Strike 0-1: Ball 1-1: Ground out 6-3 (Groundball, 56)
|
Batting: LHB Bret Boswell
|
0-0: Ball 1-0: Called Strike 1-1: Ball 2-1: Swinging Strike 2-2: Foul Ball, location: 2F 2-2: Ball 3-2: Strikes out looking
|
Batting: LHB Luis Arraez
|
0-0: Ball 1-0: Swinging Strike 1-1: DOUBLE (Line Drive, 7LS)
|
Batting: LHB Cody Thomas
|
0-0: Ball 1-0: Fly out, F9 (Line Drive, 9)
|
Top of the 9th over - 0 runs, 1 hit, 0 errors, 1 left on base; Mississippi 4 - Binghamton 3 |
BOTTOM OF THE 9TH |
Binghamton Rumble Ponies batting - Pitching for Mississippi Braves : LHP Trey Ball
|
Pinch Hitting: RHB Yusniel Diaz
|
0-0: Ball 1-0: Ball 2-0: Called Strike 2-1: Called Strike 2-2: Ball 3-2: Foul Ball, location: 2F 3-2: Base on Balls
|
Pitching: LHP Oddy Nunez
|
|
Batting: RHB Oscar Mercado
|
0-0: Fielders Choice at 2nd, 4-6 (Groundball, 4)
|
Batting: SHB Luis Sardinas
|
0-0: Ball 1-0: Called Strike 1-1: Ball 2-1: Ball 3-1: Fly out, F7 (Line Drive, 7D)
|
Batting: SHB Blake Allemand
|
0-0: Foul Ball, location: 2F 0-1: Called Strike 0-2: Ball 1-2: Ball 2-2: Foul Ball, location: 2F 2-2: Strikes out swinging
|
Bottom of the 9th over - 0 runs, 0 hits, 0 errors, 1 left on base; Mississippi 4 - Binghamton 3 |
|